 Dungeon Crawl Stone Soup version 0.20.1-1-g8b1a95d (webtiles) character file.

6038 homeworkjunkie the Cleaver (level 10, 0/88 HPs)
             Began as a Hill Orc Fighter on Nov 24, 2017.
             Was a Follower of Okawaru.
             Succumbed to a killer bee's poison
             ... on level 8 of the Dungeon.
             The game lasted 00:16:49 (8016 turns).

homeworkjunkie the Cleaver (Hill Orc Fighter)       Turns: 8016, Time: 00:16:49

Health: 0/88       AC: 19    Str: 22    XL:     10   Next: 86%
Magic:  13/13      EV:  6    Int:  8    God:    Okawaru [*.....]
Gold:   82         SH: 11    Dex: 14    Spells: 9/9 levels left

rFire    + . .     SeeInvis +   l - +1 war axe (chop)
rCold    + . .     Gourm    .   c - +0 shield
rNeg     + . .     Faith    .   p - +1 plate armour
rPois    +         Spirit   .   A - +2 helmet {SInv}
rElec    .         Reflect  .   w - scarf {rC+ rF+}
rCorr    .         Harm     .   r - +0 pair of gloves {Dex+3}
MR       .....                  (no boots)
Stlth    ..........             (no amulet)
Regen    0.3/turn               d - ring of positive energy
MPRegen  0.2/turn               g - ring of poison resistance

@: lethally poisoned (0 -> -7)
A: no striking features
a: Heroism, Renounce Religion


You were on level 8 of the Dungeon.
You worshipped Okawaru.
Okawaru was aware of your devotion.
You were not hungry.

You visited 2 branches of the dungeon, and saw 10 of its levels.
You also visited: Bailey.

You collected 412 gold pieces.
You spent 330 gold pieces at shops.

Inventory:

Hand Weapons
 l - a +1 war axe of chopping (weapon)
Armour
 c - a +0 shield (worn)
 p - a +1 plate armour (worn)
 q - a +0 cloak
 r - a +0 pair of gloves of dexterity (worn)
 s - the +2 leather armour of the Republic {MR+ Regen+ Int+3 Stlth+, unknown}
   (You found it on level 8 of the Dungeon)

   It affects your intelligence (+3).
   It affects your resistance to hostile enchantments.
   It increases your rate of regeneration.
   It makes you more stealthy.
 w - a scarf of resistance (worn)
 A - a +2 helmet of see invisible (worn)
Jewellery
 d - a ring of positive energy (left hand)
 g - a ring of poison resistance (right hand)
 u - an uncursed ring of stealth
 y - an uncursed ring of flight
Wands
 e - a wand of confusion (27/48)
 f - a wand of random effects (38/48)
 m - a wand of paralysis (9/24)
 x - a wand of flame (4/48)
Scrolls
 a - 2 scrolls of remove curse
 b - 3 scrolls of blinking
 n - 3 scrolls of teleportation
 z - a scroll of identify
Potions
 h - a potion of invisibility
 i - a potion of brilliance {unknown}
 j - a potion of haste {unknown}
 k - 2 potions of agility
 o - a potion of berserk rage {unknown}
Comestibles
 t - 2 meat rations


   Skills:
 * Level 7.9 Fighting
 * Level 12.7 Axes
 * Level 8.1 Armour
 + Level 0.7 Dodging
 + Level 1.5 Stealth
 * Level 8.6 Shields
 * Level 4.4 Evocations


You had 9 spell levels left.
You didn't know any spells.

Dungeon Overview and Level Annotations

Branches:
Dungeon (9/15)             Temple (1/1) D:7
   Lair: D:8-11         Orc: D:9-12

Altars:
Cheibriados
Dithmenos
Elyvilon
Fedhas
Hepliaklqana
Kikubaaqudgha
Makhleb
Nemelex Xobeh
Okawaru
Qazlal
Ru
Sif Muna
Trog
Uskayaw
Xom
Yredelemnul
Zin
The Shining One

Shops:
D:5 [   D:9 (


Message History

You feel sick.
You hear an angry buzzing noise. x2
The killer bee stings you!
* * * LOW HITPOINT WARNING * * *
You block the killer bee's attack.
* * * LOW HITPOINT WARNING * * *
You feel sick.
The killer bee rages.
You hear an angry buzzing noise.
You block the killer bee's attack. The killer bee barely misses you.
* * * LOW HITPOINT WARNING * * *
You feel sick. You block the killer bee's attack.
You hear an angry buzzing noise.
The killer bee completely misses you.
* * * LOW HITPOINT WARNING * * *
You feel sick.
The killer bee stings you but does no damage.
You hear an angry buzzing noise.
The killer bee stings you but does no damage.
You die...

..........###...###
...#####.†.....#####..
....................(.
##.########.##+#####.#
.#.# #..........# .#.#
###........# .#
#........######### .#
######'#####.#.......#
..
.........@.yy..........
#######.......#.#####.#
#########.# #yy...#
#y##### #.# ####y#


#Hyyy# #.yyyy..... You could see a queen bee and a killer bee (berserk).

Vanquished Creatures
  Pikel (D:5)
  A wolf spider zombie (D:8)
  An orc knight (Bailey)
  A centaur zombie (D:8)
  2 hellwings
  Grinder (D:6)
  The ghost of Ratty the Magician, an amateur DEFE (D:3)
  Eustachio (D:4)
  Menkaure (D:6)
  Duvessa (D:6)
  Edmund (D:4)
  5 orc warriors
  2 black bears
  A phantom (D:7)
  3 ogres (D:7)
  A centaur (D:5)
  A gnoll sergeant (D:4)
  6 killer bees
  Dowan (D:6)
  5 wights (D:7)
  2 crimson imps (D:7)
  Crazy Yiuf (D:4)
  A jelly (D:7)
  7 hounds
  3 centaur skeletons
  3 orc priests
  6 orc wizards
  2 iguanas
  6 worker ants
  A hound skeleton (D:5)
  14 gnolls
  7 adders
  4 shadow imps
  An ooze (D:1)
  2 dart slugs (D:2)
  3 leopard geckos
  14 orcs
  2 bats
  4 giant cockroaches
  13 goblins
  4 hobgoblins
  2 jackals (D:4)
  4 quokkas
  7 frilled lizards
  A jackal zombie (D:5)
  15 kobolds
  10 rats
176 creatures vanquished.

Vanquished Creatures (others)
  A withered plant (D:8)
1 creature vanquished.

Grand Total: 177 creatures vanquished

Notes
Turn   | Place    | Note
-------+----------+-------------------------------------------
     0 | D:1      | homeworkjunkie the Hill Orc Fighter began the quest for the Orb.
     0 | D:1      | Reached XP level 1. HP: 19/19 MP: 1/1
   173 | D:2      | Reached XP level 2. HP: 27/27 MP: 2/2
   610 | D:1      | Reached skill level 3 in Axes
   642 | D:1      | Reached XP level 3. HP: 32/33 MP: 3/3
   951 | D:3      | Noticed Ratty's ghost (amateur DEFE)
   960 | D:3      | Killed Ratty's ghost
   960 | D:3      | Reached skill level 4 in Axes
   960 | D:3      | Reached XP level 4. HP: 10/40 MP: 4/4
   960 | D:3      | Reached XP level 5. HP: 11/46 MP: 5/5
  1480 | D:3      | Reached skill level 5 in Axes
  1564 | D:2      | Reached XP level 6. HP: 50/53 MP: 6/6
  3048 | D:4      | Reached skill level 6 in Axes
  3058 | D:4      | Noticed Eustachio
  3086 | D:4      | Killed Eustachio
  3086 | D:4      | Reached skill level 5 in Armour
  3086 | D:4      | Reached XP level 7. HP: 37/60 MP: 7/7
  3165 | D:5      | Entered Level 5 of the Dungeon
  3313 | D:4      | Noticed Edmund
  3324 | D:4      | Killed Edmund
  3324 | D:4      | Reached skill level 7 in Axes
  3324 | D:4      | Reached skill level 5 in Shields
  3440 | D:5      | Reached skill level 5 in Fighting
  3735 | D:4      | Found a runed door.
  3739 | D:4      | Noticed Crazy Yiuf
  3745 | D:4      | Killed Crazy Yiuf
  3915 | D:4      | Reached XP level 8. HP: 60/68 MP: 8/8
  3985 | D:5      | Found Giupyoca's Armour Emporium.
  3990 | D:5      | Reached skill level 8 in Axes
  4006 | D:5      | Bought a +0 pair of gloves of dexterity for 115 gold pieces
  4196 | D:5      | Reached skill level 1 in Evocations
  4581 | D:5      | Noticed Pikel
  4590 | D:5      | Killed Pikel
  4590 | D:5      | Reached skill level 9 in Axes
  4631 | D:5      | Reached XP level 9. HP: 65/75 MP: 10/10
  4773 | D:6      | Noticed Dowan
  4774 | D:6      | Noticed Duvessa
  4777 | D:6      | Killed Dowan
  4777 | D:6      | Reached skill level 1 in Stealth
  4789 | D:6      | Killed Duvessa
  4789 | D:6      | Reached skill level 10 in Axes
  5085 | D:6      | Noticed Grinder
  5136 | D:6      | Killed Grinder
  5720 | D:6      | Noticed Menkaure
  5727 | D:6      | Killed Menkaure
  5751 | D:7      | Reached skill level 11 in Axes
  6308 | D:5      | Bought a +2 helmet of see invisible for 215 gold pieces
  6373 | D:7      | Reached XP level 10. HP: 73/86 MP: 12/12
  6818 | D:8      | Found a flagged portal.
  6829 | Bailey   | Entered a bailey
  6943 | Bailey   | Reached skill level 12 in Axes
  6970 | Bailey   | Noticed an orc knight
  6976 | Bailey   | Found a burning altar of Makhleb.
  6982 | Bailey   | Killed an orc knight
  7384 | D:7      | Found a staircase to the Ecumenical Temple.
  7393 | Temple   | Entered the Ecumenical Temple
  7489 | Temple   | Became a worshipper of Warmaster Okawaru
  7731 | D:8      | Got an ichor-stained leather armour
  7930 | D:8      | Found a shadowy altar of Dithmenos.
  7952 | D:8      | Reached * piety under Okawaru
  7955 | D:9      | Found Juoveomp's Antique Weapon Emporium.
  8012 | D:8      | HP: 4/88 [killer bee (12)]
  8014 | D:8      | HP: 1/88 [poisoned by a killer bee]
  8016 | D:8      | Succumbed to a killer bee's poison

Skill      XL: |  1  2  3  4  5  6  7  8  9 10 |
---------------+-------------------------------+-----
Axes           | 3 4 5 6 7 9 11 12 | 12.7
Fighting       | 4 5 6 7 |  7.9
Armour         | 4 5 6 7 8 |  8.1
Shields        | 4 5 6 7 8 |  8.6
Evocations     | 2 3 4 |  4.4
Stealth        | 1 |  1.5
Dodging        | |  0.7

Action                   |  1- 3 |  4- 6 |  7- 9 | 10-12 || total
-------------------------+-------+-------+-------+-------++-------
Melee: War axe           |    44 |   149 |   269 |   202 ||   664
 Abil: Evoke Flight      |       |       |       |     2 ||     2
Evoke: Wand              |       |       |     3 |     2 ||     5
  Use: Potion            |     2 |     1 |     8 |     3 ||    14
       Scroll            |     2 |     5 |     6 |     3 ||    16
 Stab: Paralysed         |       |       |     3 |     6 ||     9
  Eat: Bread ration      |       |     1 |       |     1 ||     2
       Meat ration       |       |     1 |       |       ||     1
       Fruit             |       |       |     7 |       ||     7
       Royal jelly       |       |       |     1 |     2 ||     3
Armor: Scale mail        |    20 |       |       |       ||    20
       Ring mail         |     2 |    31 |       |       ||    33
       Plate armour      |       |    98 |   164 |   213 ||   475
Dodge: Dodged            |     6 |    39 |    45 |    75 ||   165
Block: Shield            |    17 |   106 |   172 |   220 ||   515
